 Dungeon Crawl Stone Soup version 0.30.1-4-g462c640d31 (webtiles) character file.

Game seed: 14534739985681162568

5341 Babbit the Cleaver (level 10, 0/88 HPs)
             Began as a Minotaur Fighter on Aug 25, 2023.
             Was a Follower of Okawaru.
             Slain by a shadow (18 damage)
             ... on level 9 of the Dungeon.
             The game lasted 00:36:53 (9333 turns).

Babbit the Cleaver (Minotaur Fighter)               Turns: 9333, Time: 00:36:54

Health: 0/88       AC: 16    Str: 25    XL:     10   Next: 38%
Magic:  9/9        EV: 14    Int:  5    God:    Okawaru [*.....]
Gold:   411        SH:  5    Dex: 10    Spells: 9/9 levels left

rFire   . . .        a - +0 war axe
rCold   . . .        c - +0 buckler
rNeg    . . .        I - +3 chain mail {rPois}
rPois   +            (helmet restricted)
rElec   .            D - +0 cloak {Stlth+}
rCorr   .            (no gloves)
SInv    .            (no boots)
Will    .....        (no amulet) Stlth
                     s - +5 ring of evasion
HPRegen 0.34/turn    (no ring)
MPRegen 0.11/turn

%: no passive effects
@: about to teleport
A: horns 2, retaliatory headbutt
a: Renounce Religion, Heroism


You were on level 9 of the Dungeon.
You worshipped Okawaru.
Okawaru was aware of your devotion.
You visited 2 branches of the dungeon, and saw 10 of its levels.
You also visited: Sewer.

You collected 411 gold pieces.

Inventory:

Hand Weapons
 a - a +0 war axe (weapon)
 C - a +1 whip of flaming
Missiles
 r - 5 javelins (quivered)
 u - 3 boomerangs of dispersal
Armour
 c - a +0 buckler (worn)
 D - a +0 cloak of stealth (worn)
 I - a +3 chain mail of poison resistance (worn)
 K - a +2 ring mail of fire resistance
Jewellery
 s - a +5 ring of evasion (left hand)
 w - an amulet of faith
Wands
 v - a wand of flame (15)
 y - a wand of polymorph (9)
 B - a wand of mindburst (20)
 F - a wand of paralysis (9)
Scrolls
 b - a scroll of silence {unknown}
 d - 2 scrolls of fear {unknown}
 e - a scroll of fog {unknown}
 h - 2 scrolls of blinking {unknown}
 i - a scroll of enchant armour {unknown}
 j - a scroll of butterflies
 l - 2 scrolls of teleportation
 m - a scroll of amnesia {unknown}
 z - 3 scrolls of poison {unknown}
 J - a scroll of magic mapping {unknown}
Potions
 f - 2 potions of invisibility
 g - 2 potions of curing
 k - 2 potions of resistance
 n - 2 potions of ambrosia {unknown}
 o - 3 potions of mutation {unknown}
 p - a potion of magic {unknown}
 q - 4 potions of heal wounds
 t - 3 potions of haste
 x - a potion of attraction {unknown}
 A - a potion of brilliance {unknown}
 E - a potion of cancellation {unknown}
 G - a potion of flight {unknown}
 H - a potion of berserk rage {unknown}


   Skills:
 + Level 8.2 Fighting
 + Level 12.6 Axes
 + Level 9.9 Armour
 + Level 3.4 Dodging
 + Level 1.1 Stealth
 + Level 6.5 Shields


You had 9 spell levels left.
You didn't know any spells.
Your spell library contained the following spells:

 Spells                   Type           Power      Damage    Failure   Level
 Beastly Appendage        Tmut           0%         N/A       95%         1
 Kiss of Death            Conj/Necr      0%         2d5       95%         1
 Magic Dart               Conj           0%         1d3       95%         1
 Necrotise                Necr           0%         1d4       95%         1
 Searing Ray              Conj           0%         2d4       98%         2
 Sublimation of Blood     Necr           0%         N/A       98%         2
 Wereblood                Tmut           0%         N/A       98%         2
 Confusing Touch          Hex            0%         N/A       100%        3
 Dazzling Flash           Conj/Hex       0%         N/A       100%        3
 Spider Form              Tmut/Pois      0%         N/A       100%        3
 Vampiric Draining        Necr           0%         2d6       100%        3
 Vhi's Electric Charge    Tloc/Air       0%         N/A       100%        3
 Volatile Blastmotes      Fire/Tloc      0%         2d10      100%        3
 Dispel Undead            Necr           0%         3d6       100%        4
 Fulminant Prism          Conj/Hex       0%         3d5       100%        4
 Iskenderun's Mystic Bla  Conj/Tloc      0%         2d3       100%        4
 Petrify                  Tmut/Erth      0%         N/A       100%        4
 Agony                    Necr           0%         N/A       100%        5
 Arcjolt                  Conj/Air       0%         1d10      100%        5
 Irradiate                Conj/Tmut      0%         3d11      100%        5
 Eringya's Noxious Bog    Tmut/Pois      0%         N/A       100%        6
 Starburst                Conj/Fire      0%         6d3       100%        6
 Orb of Destruction       Conj           0%         9d5       100%        7
 Maxwell's Capacitive Co  Air            0%         ∞         100%        8
 Summon Guardian Golem    Hex/Summ       Unusable   N/A       N/A         3
 Summon Forest            Summ/Tloc      Unusable   N/A       N/A         5
 Spellforged Servitor     Conj/Summ      Unusable   N/A       N/A         7
 Summon Hydra             Summ           Unusable   N/A       N/A         7

Dungeon Overview and Level Annotations

Branches:
Dungeon (9/15)             Temple (1/1) D:6            Lair (0/5) D:8
    Orc (0/2) D:9           Sewer (visited)

Altars:
Ashenzari
Cheibriados
Dithmenos
Elyvilon
Fedhas
Gozag
Hepliaklqana
Kikubaaqudgha
Makhleb
Okawaru
Sif Muna
Trog
Uskayaw
Vehumet
Wu Jian
Xom
Yredelemnul
The Shining One

Shops:
D:4 [   D:9 [=


Innate Abilities, Weirdness & Mutations

You have a pair of horns on your head.
You reflexively headbutt those who attack you in melee.


Message History

Okawaru accepts your kill. The orc zombie misses you. You furiously retaliate!
You headbutt the orc zombie.
The troll zombie bites you but does no damage.
The troll zombie claws you but does no damage.
The troll zombie misses you.
You slash the troll zombie!
The troll zombie is moderately damaged.
You closely miss something. You hit the troll zombie.
You barely miss the orc zombie.
The shadow strikes at you from the darkness!
Reactivating autopickup.
The troll zombie closely misses you.
The troll zombie claws you but does no damage.
The troll zombie claws you.
As you read the scroll of teleportation, it crumbles to dust.
You feel strangely unstable.
The shadow slips into darkness.
The shadow flickers and vanishes!
Deactivating autopickup; reactivate with Ctrl-A.
The orc zombie misses you. The troll zombie completely misses you.
The troll zombie closely misses you. The troll zombie barely misses you.
The goblin skeleton closely misses you.
The orc zombie hits you but does no damage.
You miss something.
You hit the orc zombie. x2; You slash the troll zombie!
You hit the troll zombie. You hit the orc zombie.
You slash the goblin skeleton!
You destroy the goblin skeleton!
The shadow strikes at you from the darkness!
Reactivating autopickup.
The orc zombie hits you but does no damage.
You block the troll zombie's attack. The troll zombie claws you.
The troll zombie claws you! The orc zombie closely misses you.
The troll zombie bites you.
* * * LOW HITPOINT WARNING * * *
The troll zombie claws you.
* * * LOW HITPOINT WARNING * * *
The troll zombie claws you but does no damage.
The shadow strikes at you from the darkness!
You die...

...###.# #§###
##.....# ##.#
######## ##..# #
###..## #
#####.....### #
#....Z.8..... #
#....ZZZ......# #
##...ZWZ.......#
#
#....Z@.........
.
...8[..ZZ>.....8.
>
##.....Z..?......
. ##............
#............
#......8.....
#####.....###
###.###


You could see a shadow, a goblin zombie, 5 orc zombies, an ogre zombie, 2 troll
zombies and an orc skeleton.

Vanquished Creatures
  A two-headed ogre (D:9)
  2 wyverns (D:8)
  A steam dragon (D:6)
  The ghost of Zeor the Slasher, an amateur DrRe (D:3)
  A water moccasin (D:8)
  3 ice beasts
  4 orc warriors
  A sky beast (D:7)
  A black bear (D:6)
  A hornet zombie (D:3)
  2 ogres
  2 centaurs
  A phantom (D:9)
  8 kobold brigands (Sewer)
  5 bullfrogs
  3 scorpions (D:5)
  5 wights (D:9)
  5 killer bees (D:8)
  3 howler monkeys (D:9)
  An electric eel (D:6)
  A centaur zombie (D:3)
  4 hounds
  6 orc priests
  Crazy Yiuf (D:6)
  A bullfrog skeleton (D:3)
  2 jellies (D:6)
  4 sleepcaps
  5 iguanas
  5 orc wizards
  3 ogre zombies (D:9)
  3 gnolls (D:4)
  6 adders
  A white imp (D:8)
  2 ufetubi
  2 dart slugs
  4 worms
  31 orcs
  13 ball pythons
  11 endoplasms
  7 giant cockroaches
  3 goblins
  8 hobgoblins
  2 quokkas (D:1)
  4 bats
  3 frilled lizards
  A goblin skeleton (D:9)
  A goblin zombie (D:9)
  A hobgoblin skeleton (D:9)
  4 hobgoblin zombies (D:9)
  10 kobolds
  2 orc skeletons (D:9)
  6 orc zombies (D:9)
  10 rats
218 creatures vanquished.

Notes
Turn   | Place    | Note
-------+----------+-------------------------------------------
     0 | D:1      | Babbit the Minotaur Fighter began the quest for the Orb.
     0 | D:1      | Reached XP level 1. HP: 19/19 MP: 0/0
   131 | D:1      | Reached XP level 2. HP: 13/27 MP: 1/1
   484 | D:1      | Reached skill level 3 in Axes
   523 | D:1      | Found a faded altar of an unknown god.
   735 | D:1      | Reached XP level 3. HP: 33/33 MP: 2/2
  1037 | D:2      | Found an opulent altar of Gozag.
  1260 | D:2      | You fall into a shaft and drop 1 floor!
  1321 | D:3      | Reached skill level 4 in Axes
  1321 | D:3      | Reached XP level 4. HP: 40/40 MP: 3/3
  1390 | D:3      | Found a runed translucent gate.
  1390 | D:3      | Found a runed translucent gate.
  1391 | D:3      | Found a runed translucent gate.
  1393 | D:3      | Noticed Zeor's ghost (amateur DrRe)
  1510 | D:3      | Found a glowing drain.
  1520 | Sewer    | Entered a sewer
  1568 | Sewer    | Noticed a kobold brigand
  1576 | Sewer    | Killed a kobold brigand
  1577 | Sewer    | Reached skill level 5 in Armour
  1577 | Sewer    | Reached XP level 5. HP: 27/47 MP: 4/4
  1683 | Sewer    | Reached skill level 5 in Axes
  1683 | Sewer    | Reached skill level 1 in Dodging
  1818 | Sewer    | Reached XP level 6. HP: 39/53 MP: 5/5
  2320 | Sewer    | Reached skill level 6 in Axes
  2381 | Sewer    | Reached skill level 5 in Fighting
  2381 | Sewer    | Reached XP level 7. HP: 53/61 MP: 6/6
  2992 | D:3      | Reached skill level 7 in Axes
  2993 | D:3      | Killed Zeor's ghost
  3826 | D:4      | Reached XP level 8. HP: 69/69 MP: 7/7
  3986 | D:4      | Reached skill level 5 in Shields
  4041 | D:4      | Found a burning altar of Makhleb.
  4143 | D:4      | Reached skill level 8 in Axes
  4426 | D:4      | Found Ivuah's Armour Emporium.
  4492 | D:4      | Found a bloodstained altar of Trog.
  4747 | D:5      | Entered Level 5 of the Dungeon
  5306 | D:5      | Reached skill level 9 in Axes
  5748 | D:6      | Reached XP level 9. HP: 77/78 MP: 8/8
  6076 | D:6      | Reached skill level 10 in Axes
  6092 | D:6      | Reached skill level 1 in Stealth
  6408 | D:6      | Found a staircase to the Ecumenical Temple.
  6430 | Temple   | Entered the Ecumenical Temple
  6512 | Temple   | Became a worshipper of Warmaster Okawaru
  6755 | D:6      | Found a runed translucent door.
  6756 | D:6      | Noticed Crazy Yiuf
  6766 | D:6      | Killed Crazy Yiuf
  7221 | D:7      | Reached skill level 11 in Axes
  8070 | D:8      | Found a hazy altar of Hepliaklqana.
  8117 | D:8      | Reached * piety under Okawaru
  8143 | D:8      | Reached XP level 10. HP: 32/88 MP: 9/9
  8339 | D:8      | Found a staircase to the Lair.
  8429 | D:8      | Found a broken altar of Ashenzari.
  8769 | D:9      | Found Xomo's Antique Armour Emporium.
  8774 | D:9      | Reached skill level 12 in Axes
  8816 | D:9      | Noticed a two-headed ogre
  8826 | D:9      | Killed a two-headed ogre
  8966 | D:9      | Found Coekow's Jewellery Shop.
  9304 | D:9      | Found a staircase to the Orcish Mines.
  9333 | D:9      | Slain by a shadow

Illustrated notes

Levels and vault maps discovered:
D:1:      dpeg_arrival_pits, layout_loops_corners,
          shapermc_ecumenical_altar_mp_ritualfount
D:2:      layout_basic, basic_altar
D:3:      layout_loops_ring, cheibrodos_sewer_entry_sluice,
          gammafunk_ghost_necromancy
D:4:      minmay_general_purpose_star, layout_rooms, trog_book,
          lemuel_tele_altar, zin_angel, serial_shops, shop, sigmund_army
D:5:      layout_cave_pods
D:6:      layout_rooms, temple_statues, serial_bayou_lake_a,
          uniq_crazy_yiuf_cottage
D:7:      layout_cave_pods, hangedman_abyss_or_decor_lesser_grid,
          kennysheep_path_1, nicolae_concentric_dashed_squares_mild
D:8:      layout_rooms, mainiacjoe_overflow_paths, general_overflow_altar,
          lair_entry_dummy, minivault_11, roderic_roman_lattice
D:9:      layout_loops_corners, zombieorc2_lemuel, serial_shops, shop,
          nicolae_shop_waterfront, nicolae_inconvenience_store
Temple:   compressed_dpeg_triangle_lava_temple

Skill      XL: |  1  2  3  4  5  6  7  8  9 10 |
---------------+-------------------------------+-----
Fighting       | 4 5 6 7 8 |  8.2
Shields        | 4 5 6 |  6.5
Armour         | 4 5 6 7 9 |  9.9
Axes           | 3 4 5 6 7 9 11 12 | 12.6
Dodging        | 1 2 3 |  3.4
Stealth        | 1 |  1.1

Action                     |  1- 3 |  4- 6 |  7- 9 | 10-12 || total
---------------------------+-------+-------+-------+-------++-------
  Melee: War axe           |    95 |   121 |   306 |    77 ||   599
         Headbutt          |    14 |    12 |    63 |    13 ||   102
    Use: Potion            |       |     1 |       |       ||     1
         Scroll            |       |       |     9 |     1 ||    10
 Armour: Scale mail        |    44 |    54 |    54 |       ||   152
         Plate armour      |       |       |    22 |       ||    22
         Chain mail        |       |       |       |    24 ||    24
  Dodge: Dodged            |    39 |    49 |   221 |    47 ||   356
  Block: Buckler           |    17 |    36 |    61 |    16 ||   130
